Map: Dash and Terminal LE (Void)

Players

Nerchio

  • Race: Zerg Zerg
  • League: Diamond

TomikuS - Winner!

  • Race: Zerg Zerg
  • League: Grandmaster

Event: Lycan League Weekly August #1

VOD

Have the link to the VOD?

Description

Time

  • Played on: Aug. 3, 2015, 2:16 p.m.
  • Length: 7:57

All games in this series

Show
View Real Time Build Order
Export as new Build Order

Nerchio Zerg 

Build Orders: Pool First 

Get SALT Encoding   

  12  0:01  Drone  
  13  0:08  Drone  
  14  0:17  Drone, Extractor  
  14  0:33  Spawning Pool  
  13  0:37  Drone  
  14  0:43  Extractor  
  14  0:44  Drone  
  15  0:52  Overlord  
  15  1:19  Metabolic Boost  
  15  1:20  Zergling x6  
  18  1:26  Queen  
  18  1:31  Zergling x2  
  21  1:42  Overlord  
  21  1:53  Zergling x2  
  22  2:07  Zergling x2  
  23  2:08  Hatchery  
  23  2:14  Zergling x2  
  23  2:25  Zergling x2  
  24  2:35  Zergling x2  
  24  2:36  Zergling x4  
  24  2:37  Zergling x2  
  27  2:39  Zergling x2  
  28  2:49  Queen, Zergling x2  
  28  2:59  Overlord  
  28  3:12  Zergling x2  
  29  3:16  Zergling x6  
  29  3:19  Drone  
  30  3:21  Drone  
  29  3:28  Drone  
  29  3:31  Queen  
  30  3:39  Drone x2  
  30  3:47  Queen  
  32  3:51  Zergling x2  
  33  3:57  Zergling x2  
  33  4:00  Zergling x2  
  35  4:05  Zergling x4  
  35  4:11  Drone  
  34  4:17  Baneling Nest  
  34  4:19  Zergling x2  
  34  4:27  Zergling x4  
  35  4:32  Zergling x2  
  31  4:40  Zergling x2  
  31  4:45  Drone  
  28  4:49  Drone  
  29  5:01  Baneling x2  
  29  5:03  Zergling x2  
  29  5:04  Zergling x2  
  31  5:07  Baneling  
  31  5:09  Zergling x2  
  31  5:19  Zergling x2  
  31  5:20  Drone x3  
  34  5:25  Baneling x2  
  34  5:28  Zergling x2  
  33  5:31  Zergling x2  
  26  5:36  Zergling x4  
  26  5:41  Drone  
  27  5:47  Drone  
  28  5:53  Baneling  
  28  5:57  Zergling x2  
  28  6:00  Drone  
  29  6:05  Baneling  
  29  6:11  Zergling x4  
  29  6:17  Baneling x2  
  31  6:22  Zergling x2  
  32  6:32  Baneling  
  31  6:37  Zergling x2  
  31  6:38  Zergling x4  
  34  6:42  Zergling x2  
  33  6:51  Zergling x4  
  30  6:58  Zergling x2  
  29  7:02  Drone  
  28  7:09  Zergling x2  
  28  7:10  Baneling  
  29  7:18  Zergling x2  
  29  7:22  Zergling x2  
  28  7:32  Zergling x4  
  28  7:35  Zergling x2  
Show
View Real Time Build Order
Export as new Build Order

TomikuS Zerg - Winner!

Build Orders: Hatch First, Zergling Baneling 

Get SALT Encoding   

  12  0:01  Drone  
  13  0:13  Overlord  
  13  0:22  Drone  
  14  0:31  Drone x2  
  16  0:38  Drone  
  17  0:54  Hatchery  
  16  0:58  Drone x2  
  16  1:04  Extractor  
  17  1:08  Drone  
  18  1:19  Spawning Pool  
  18  1:22  Drone  
  18  1:29  Drone  
  19  1:43  Overlord  
  19  2:07  Zergling x2  
  19  2:08  Baneling Nest, Queen x2, Zergling x2  
  20  2:10  Zergling x2  
  20  2:13  Zergling x2  
  26  2:18  Zergling x2  
  27  2:25  Metabolic Boost  
  27  2:27  Zergling x4  
  29  2:37  Zergling x2  
  30  2:43  Zergling x4  
  29  2:53  Baneling x2  
  29  3:03  Baneling  
  29  3:04  Overlord, Baneling  
  29  3:07  Zergling x6  
  30  3:22  Zergling x2  
  30  3:23  Zergling x4  
  30  3:25  Baneling  
  30  3:26  Baneling  
  30  3:51  Zergling x10  
  35  3:59  Zergling x2  
  36  4:07  Zergling x4  
  37  4:10  Baneling x2  
  37  4:16  Zergling x4  
  34  4:26  Zergling x6  
  34  4:27  Zergling x4  
  34  4:40  Zergling x10  
  34  4:48  Baneling x4  
  34  4:53  Zergling x4  
  34  4:55  Overlord  
  36  5:02  Overlord  
  36  5:04  Baneling x2  
  36  5:06  Baneling  
  35  5:07  Baneling  
  35  5:18  Zergling x4  
  33  5:23  Zergling x6  
  33  5:24  Baneling  
  34  5:39  Zergling x4  
  34  5:40  Zergling x6  
  37  5:46  Zergling x2  
  34  5:59  Zergling x2, Baneling x2  
  34  6:00  Zergling x6  
  37  6:14  Baneling x3  
  36  6:18  Zergling x2  
  36  6:19  Zergling x6  
  40  6:27  Zergling x6  
  39  6:37  Zergling x6  
  42  6:44  Zergling x4  
  41  6:51  Zergling x4  
  39  6:54  Zergling x2  
  39  7:01  Zergling x4  
  37  7:12  Zergling x4  
  37  7:13  Zergling x4  
  41  7:18  Zergling x2  
  41  7:19  Baneling x2  
  41  7:20  Baneling  
  38  7:30  Zergling x6  
  38  7:31  Baneling  
  38  7:36  Zergling x2  
  42  7:40  Zergling x2  

Tags
 
Add a new tag
Caveats
  • Supply blocks, unpowered buildings, or Contaminate may cause inaccurate times.
  • Supply counts are checked every 10 seconds.